Map: [ESL] Ancient Cistern

Players

DnS

  • Race: Protoss Protoss
  • Spawn Location: 7:00

gumiho - Winner!

  • Race: Terran Terran
  • Spawn Location: 1:00

Event: HomeStory Cup XXIII

VOD

Have the link to the VOD?

Description

Time

  • Played on: July 1, 2023, 8:15 a.m.
  • Length: 7:54

All games in this series

Show
View Real Time Build Order
Export as new Build Order

DnS Protoss 

Build Orders: 1 Gate Expand, Oracle Opening, Phoenix Opening 

Get SALT Encoding   

  12  0:00  Probe  
  13  0:12  Probe  
  14  0:17  Pylon  
  14  0:24  Probe (Chrono Boost)  
  15  0:36  Probe (Chrono Boost), Gateway  
  16  0:44  Probe (Chrono Boost)  
  16  0:45  Assimilator  
  17  0:50  Probe  
  18  1:03  Probe  
  19  1:15  Probe  
  20  1:25  Cybernetics Core  
  20  1:31  Zealot  
  22  1:41  Nexus  
  22  1:48  Pylon  
  22  1:52  Probe  
  23  1:58  Assimilator  
  23  2:03  Adept (Chrono Boost)  
  23  2:07  Probe  
  25  2:23  Stargate  
  25  2:29  Probe  
  26  2:32  Adept  
  28  2:41  Probe  
  29  2:51  Warp Gate  
  28  2:53  Probe x2  
  28  2:57  Shield Battery  
  30  3:05  Probe x2  
  32  3:09  Oracle (Chrono Boost)  
  35  3:17  Probe x2  
  37  3:21  Adept  
  39  3:29  Probe (Chrono Boost)  
  39  3:33  Probe (Chrono Boost)  
  39  3:41  Probe (Chrono Boost)  
  40  3:43  Pylon  
  40  3:44  Probe (Chrono Boost)  
  40  3:46  Probe (Chrono Boost)  
  40  3:47  Shield Battery  
  42  3:53  Probe  
  42  3:54  Phoenix (Chrono Boost)  
  45  3:56  Probe  
  46  4:09  Probe  
  39  4:15  Probe  
  39  4:16  Phoenix (Chrono Boost)  
  39  4:24  Probe  
  42  4:27  Probe  
  42  4:29  Gateway  
  42  4:36  Probe (Chrono Boost)  
  43  4:42  Probe (Chrono Boost)  
  44  4:48  Probe (Chrono Boost)  
  44  4:50  Adept  
  48  4:56  Probe (Chrono Boost)  
  48  4:57  Probe (Chrono Boost)  
  49  5:01  Pylon  
  49  5:02  Phoenix  
  49  5:04  Probe  
  52  5:12  Probe, Robotics Facility  
  53  5:15  Pylon  
  53  5:20  Probe (Chrono Boost)  
  54  5:23  Assimilator  
  54  5:26  Assimilator  
  54  5:31  Probe (Chrono Boost)  
  54  5:32  Pylon  
  56  5:38  Probe (Chrono Boost)  
  56  5:41  Probe (Chrono Boost)  
  56  5:45  Probe x2 (Chrono Boost)  
  56  5:46  Phoenix  
  56  5:56  Probe  
  53  5:57  Probe  
  53  6:04  Immortal  
  57  6:09  Probe x2  
  58  6:16  Stalker x2  
  62  6:21  Probe (Chrono Boost)  
  63  6:26  Robotics Bay  
  65  6:33  Probe (Chrono Boost)  
  65  6:35  Probe (Chrono Boost)  
  65  6:39  Probe (Chrono Boost)  
  65  6:42  Probe (Chrono Boost)  
  65  6:43  Observer  
  68  6:47  Probe  
  68  6:53  Nexus  
  69  7:02  Probe x2, Sentry x2  
  69  7:05  Pylon  
  74  7:28  Probe x2  
  56  7:47  Stalker x2  
Show
View Real Time Build Order
Export as new Build Order

gumiho Terran - Winner!

Build Orders: 1/1/1, Banshee Rush 

Get SALT Encoding   

  12  0:00  SCV  
  13  0:12  SCV  
  14  0:18  Supply Depot  
  14  0:24  SCV  
  15  0:39  SCV  
  15  0:42  Barracks  
  16  0:45  Refinery  
  16  0:51  SCV  
  16  0:55  Refinery  
  17  1:04  SCV  
  18  1:16  SCV  
  19  1:28  Orbital Command  
  19  1:29  Reaper  
  20  1:41  Factory  
  20  1:47  Supply Depot  
  20  1:55  SCV  
  21  2:07  SCV  
  22  2:19  SCV  
  23  2:25  Hellion  
  23  2:26  Starport  
  25  2:31  SCV, Supply Depot  
  26  2:43  SCV  
  27  2:46  Hellion  
  29  2:55  SCV  
  29  2:58  Command Center  
  30  3:02  Starport Tech Lab  
  30  3:08  Hellion  
  30  3:10  SCV  
  33  3:20  Cloaking Field, Medivac  
  33  3:26  Supply Depot  
  35  3:33  SCV  
  36  3:37  Factory Tech Lab  
  36  3:41  Barracks  
  36  3:44  Barracks Reactor  
  36  3:45  SCV  
  37  3:51  Banshee  
  40  4:00  Cyclone  
  42  4:11  SCV  
  37  4:27  SCV  
  34  4:32  Marine  
  34  4:33  Marine, Banshee, Barracks Tech Lab  
  39  4:39  SCV  
  39  4:40  Orbital Command  
  38  4:51  Marine x2, SCV  
  41  4:56  Marine  
  41  4:59  Stimpack  
  42  5:05  SCV x2  
  43  5:08  Marine  
  43  5:09  Marine  
  43  5:10  Supply Depot  
  45  5:14  Marine  
  45  5:18  Banshee  
  49  5:23  SCV  
  49  5:25  SCV  
  49  5:26  Marine x2  
  53  5:31  Cyclone  
  56  5:36  SCV, Supply Depot  
  56  5:43  SCV  
  56  5:48  SCV  
  58  5:55  SCV  
  58  5:56  Marine x2  
  60  6:00  SCV  
  60  6:02  Banshee  
  60  6:03  Cyclone  
  64  6:07  SCV  
  64  6:10  Marine, Supply Depot  
  63  6:12  SCV  
  63  6:14  Marine x2  
  66  6:19  Starport  
  66  6:20  Refinery  
  66  6:22  Refinery  
  66  6:23  SCV  
  67  6:27  Supply Depot  
  67  6:28  Marine  
  67  6:32  Marine x2  
  70  6:33  SCV  
  70  6:35  SCV  
  72  6:40  Supply Depot  
  72  6:45  SCV  
  73  6:47  SCV  
  73  6:49  Banshee  
  77  6:59  SCV x2  
  77  7:01  Barracks  
  77  7:03  Factory Reactor  
  77  7:05  Marine  
  77  7:06  Marine  
  77  7:07  Starport Reactor  
  79  7:11  SCV x2  
  79  7:22  Marine  
  80  7:23  SCV x2, Marine x2  
  80  7:35  SCV x2  
Tags
 
Add a new tag
Caveats
  • Supply blocks, unpowered buildings, or Contaminate may cause inaccurate times.
  • Supply counts are checked every 10 seconds.